Map: Invader LE

Players

Purce

  • Race: Zerg Zerg
  • League: Master

Dendroaspis - Winner!

  • Race: Zerg Zerg
  • League: Master

VOD

Have the link to the VOD?

Description

Time

  • Played on: April 22, 2016, 3:12 p.m.
  • Length: 7:59
Show
View Real Time Build Order
Export as new Build Order

Purce Zerg 

Build Orders: Hatch First 

Get SALT Encoding   

  12  0:00  Drone  
  13  0:16  Overlord  
  13  0:23  Drone  
  14  0:35  Drone x2  
  16  0:42  Drone  
  17  0:56  Hatchery  
  16  0:59  Drone  
  16  1:00  Drone  
  18  1:07  Extractor  
  17  1:16  Spawning Pool  
  16  1:22  Drone x2  
  18  1:32  Drone  
  19  1:45  Overlord  
  19  2:03  Queen  
  19  2:04  Zergling x4  
  19  2:08  Queen  
  25  2:09  Metabolic Boost  
  25  2:11  Drone  
  26  2:18  Drone  
  27  2:29  Baneling Nest  
  26  2:33  Drone x3  
  29  2:39  Queen  
  31  2:47  Overlord  
  31  2:50  Drone  
  32  2:51  Drone  
  33  3:05  Evolution Chamber, Drone x3  
  36  3:12  Drone  
  36  3:13  Drone x2  
  38  3:25  Overlord  
  38  3:28  Drone x2  
  38  3:31  Zerg Ground Armor Level 1  
  40  3:37  Zergling x8  
  44  3:48  Evolution Chamber  
  43  3:56  Hatchery  
  42  4:04  Zergling x12  
  48  4:15  Drone  
  48  4:16  Drone x3  
  51  4:25  Zerg Melee Weapons Level 1  
  51  4:30  Queen  
  51  4:31  Spine Crawler, Overlord  
  52  4:41  Overlord  
  52  4:49  Drone x4  
  52  4:50  Drone x2  
  58  4:55  Drone  
  58  4:58  Drone  
  58  4:59  Drone  
  60  5:09  Drone  
  60  5:10  Lair  
  60  5:14  Extractor x2  
  60  5:15  Extractor, Drone x6  
  64  5:22  Zergling x2  
  64  5:26  Zergling x4  
  64  5:30  Zergling x2  
  64  5:34  Spine Crawler  
  64  5:36  Overlord x2  
  64  5:38  Spine Crawler  
  64  5:39  Zergling x4  
  63  5:44  Zergling x4  
  62  5:58  Zergling x2  
  62  5:59  Drone x2  
  62  6:00  Drone x2  
  62  6:02  Zergling x6  
  70  6:09  Drone  
  71  6:12  Spine Crawler  
  71  6:14  Spine Crawler  
  71  6:15  Zergling x4  
  71  6:18  Zergling x4  
  71  6:19  Zergling x2  
  74  6:26  Zergling x4  
  74  6:27  Zergling x2  
  74  6:31  Spine Crawler, Zergling x6  
  79  6:34  Zergling x4  
  79  6:36  Drone  
  80  6:44  Zergling x2  
  81  6:47  Infestation Pit  
  81  6:48  Drone  
  81  6:49  Drone  
  79  6:55  Zergling x6  
  79  6:56  Zergling x4  
  78  7:02  Zergling x2  
  78  7:06  Zergling x2  
  78  7:07  Zergling x2  
  75  7:10  Zergling x2  
  75  7:13  Zergling x2  
  75  7:15  Zergling x6  
  73  7:18  Zergling x6  
  73  7:19  Zergling x2  
  65  7:25  Zergling x2  
  61  7:30  Zergling x2  
  61  7:36  Zergling x2  
  60  7:41  Zergling x2  
Show
View Real Time Build Order
Export as new Build Order

Dendroaspis Zerg - Winner!

Build Orders: Hatch First 

Get SALT Encoding   

  12  0:01  Drone  
  13  0:13  Overlord  
  13  0:18  Drone  
  14  0:32  Drone x2  
  16  0:36  Drone  
  17  0:54  Hatchery  
  16  0:58  Drone  
  17  1:12  Spawning Pool  
  17  1:13  Drone  
  17  1:16  Drone  
  18  1:22  Drone  
  19  1:34  Drone  
  20  1:42  Overlord  
  20  1:59  Queen  
  22  2:01  Zergling x4  
  22  2:05  Queen  
  22  2:06  Drone  
  27  2:10  Spine Crawler  
  27  2:12  Drone  
  27  2:16  Drone  
  29  2:22  Drone  
  29  2:27  Drone  
  30  2:35  Queen  
  32  2:38  Overlord  
  32  2:41  Queen, Drone  
  35  2:46  Drone  
  36  2:54  Overlord  
  35  3:01  Overlord  
  35  3:02  Drone  
  36  3:07  Drone x3  
  36  3:08  Drone  
  36  3:11  Extractor x2  
  36  3:12  Drone  
  39  3:15  Drone x3  
  42  3:21  Drone  
  42  3:26  Drone  
  44  3:29  Drone  
  44  3:31  Extractor  
  44  3:33  Extractor  
  43  3:37  Drone  
  44  3:44  Drone  
  44  3:47  Drone  
  46  3:49  Drone x6  
  46  3:54  Lair  
  52  3:58  Roach Warren  
  52  3:59  Evolution Chamber  
  52  4:02  Evolution Chamber  
  49  4:11  Drone x2  
  49  4:15  Overlord x2  
  50  4:23  Drone x2  
  50  4:24  Overlord  
  52  4:30  Zerg Missile Weapons Level 1  
  52  4:31  Zerg Ground Armor Level 1  
  52  4:38  Roach x3  
  58  4:39  Roach  
  60  4:46  Roach x2  
  64  4:54  Glial Reconstitution  
  64  4:56  Roach x2  
  64  4:57  Roach x2  
  64  4:59  Roach  
  74  5:01  Overseer  
  74  5:06  Roach  
  76  5:11  Overlord x2  
  76  5:31  Roach x8  
  92  5:46  Hatchery  
  91  5:56  Queen  
  91  5:58  Overlord x2  
  91  6:03  Overlord x2  
  91  6:13  Overlord  
  91  6:21  Roach x7  
  105  6:27  Roach  
  105  6:28  Roach x2  
  111  6:35  Roach x3  
  111  6:39  Ravager  
  122  6:40  Ravager x4  
  122  6:45  Drone  
  122  6:46  Drone x3  
  126  6:55  Overlord  
  126  6:57  Drone  
  126  7:00  Drone  
  120  7:10  Drone  
  120  7:11  Drone x6  
  121  7:17  Roach x2  
  119  7:25  Drone x2  
  121  7:30  Drone x2  
  121  7:33  Drone  
  121  7:34  Drone x2  
  122  7:47  Drone x3  
Tags
 
Add a new tag
Caveats
  • Supply blocks, unpowered buildings, or Contaminate may cause inaccurate times.
  • Supply counts are checked every 10 seconds.